 Dungeon Crawl Stone Soup version 0.19-a0-1268-g6c5d9f8 (webtiles) character file.

7169 4thArraOfDagon the Grappler (level 10, -5/102 HPs)
             Began as a Troll Gladiator on Aug 29, 2016.
             Was a Believer of Uskayaw.
             Slain by a centaur warrior (11 damage)
             ... on level 14 of the Dungeon.
             The game lasted 00:14:09 (2916 turns).

4thArraOfDagon the Grappler (Troll Gladiator)       Turns: 2916, Time: 00:14:10

Health: -5/102     AC:  5    Str: 25    XL:     10   Next: 86%
Magic:  14/14      EV: 10    Int:  7    God:    Uskayaw [**....]
Gold:   357        SH:  0    Dex: 14    Spells: 3 memorised, 1 level left

rFire  + + +     SeeInvis .       - Unarmed
rCold  x . .     Gourm    +     h - +0 robe "Keeveal" {rF+++ rC- MR+ Dex+4}
rNeg   . . .     Faith    .     (no shield)
rPois  .         Spirit   .     b - +0 hat
rElec  .         Dismiss  .     (no cloak)
rCorr  .         Reflect  .     (gloves unavailable)
MR     ++...     Harm     .     (boots unavailable)
Stlth  +.........               (no amulet)
                                (no ring)
                                j - ring of protection from magic

@: no status effects
A: unfitting armour, claws 3, fast metabolism 3, gourmand, regeneration 1,
shaggy fur 1, tough skin 2
a: Stomp, Line Pass, Renounce Religion


You were on level 14 of the Dungeon.
You worshipped Uskayaw.
Uskayaw was noncommittal.
You were not hungry.

You visited 1 branch of the dungeon, and saw 14 of its levels.
You also visited: Labyrinth.

You collected 357 gold pieces.

Inventory:

Hand Weapons
 f - the +8 glaive of the Guard {elec, +Rage AC+5 SInv}
   (You took it off a minotaur in a labyrinth)

   Occasionally, upon striking a foe, it will discharge some electrical energy
   and cause terrible harm.
   It affects your AC (+5).
   It lets you see invisible.
   It lets you go berserk.
Missiles
 c - 2 throwing nets (quivered)
Armour
 a - a +0 robe
 b - a +0 hat (worn)
 h - the +0 robe "Keeveal" (worn) {rF+++ rC- MR+ Dex+4}
   (You found it in a labyrinth)

   It affects your dexterity (+4).
   It renders you almost immune to fire.
   It makes you vulnerable to cold.
   It affects your resistance to hostile enchantments.
 s - a +0 troll leather armour
 v - a +1 robe of resistance
Magical Staves
 t - an uncursed staff of poison
Jewellery
 j - a ring of protection from magic (left claw)
 w - an uncursed ring of teleportation
Wands
 x - a wand of iceblast (6/15)
Scrolls
 e - a scroll of blinking
 k - a scroll of enchant armour
 l - 2 scrolls of noise
 u - a scroll of amnesia
Potions
 g - 2 potions of flight
 m - a potion of ambrosia {unknown}
 o - a potion of invisibility {unknown}
 q - a potion of brilliance
 r - 2 potions of curing
Comestibles
 d - 6 bread rations
 p - 3 meat rations


   Skills:
 - Level 7.0 Fighting
 * Level 3.3 Polearms
 - Level 1.7 Throwing
 - Level 2.4 Dodging
 - Level 11.8 Unarmed Combat
 - Level 7.0 Invocations


You had one spell level left.
You knew the following spells:

 Your Spells              Type           Power        Failure   Level  Hunger
a - Passwall              Tmut/Erth      #.........   73%         2    ###....
b - Swiftness             Chrm/Air       #.......     73%         2    ###....
c - Passage of Golubria   Tloc           N/A          100%        4    #####..


Dungeon Overview and Level Annotations

Branches:
Dungeon (14/15)
 Temple: D:4-7         Lair: D:8-11         Orc: D:9-12      Vaults: D:13-14

Altars:
Uskayaw

Shops:
D:11 (

Annotations:
D:3 Robin
D:7 Prince Ribbit
D:8 ORCS
D:13 Kirke, Nessos, Rupert


Innate Abilities, Weirdness & Mutations

You are too large for most types of armour.
You have claws for hands.
Your metabolism is lightning-fast.
You like to eat raw meat.
Your natural rate of healing is unusually fast.
You are covered in fur. (AC +1)
You have very tough skin. (AC +2)


Message History

You can now pass through a line of other dancers.
You scratch the centaur warrior but do no damage.
The centaur warrior is heavily wounded.
The centaur warrior hits you.
* * * LOW HITPOINT WARNING * * *
You claw the centaur warrior!
The centaur warrior is severely wounded.
The centaur warrior hits you!
* * * LOW HITPOINT WARNING * * *
Unknown command.
You scratch the centaur warrior.
The centaur warrior is severely wounded.
The centaur warrior closely misses you.
Unknown command.
You scratch the centaur warrior.
The centaur warrior is severely wounded.
The centaur warrior hits you!
* * * LOW HITPOINT WARNING * * *
The centaur warrior hits you!
You die...

########## #........#
###. #........# ..>..
#........######.c....
#.......@##.((.......
#........ca.###......
#........#### .....
#........# ....
#######.## ##. #.#
##.# #..# .. #.##
#####c###


You could see a centaur warrior and a worker ant.

Vanquished Creatures
  A minotaur (Lab)
  2 hill giants
  A deep elf mage (D:14)
  2 gargoyles
  A two-headed ogre (D:7)
  A troll (D:10)
  A shadow (D:12)
  A wraith (D:14)
  A hippogriff (D:12)
  6 yaks
  A soldier ant (D:10)
  An ice beast (D:10)
  A wasp (D:12)
  2 orc warriors
  4 ogres
  A phantom (D:6)
  2 centaurs
  A big kobold (D:9)
  3 giant frogs
  5 killer bees (D:11)
  A giant frog zombie (D:12)
  4 crimson imps
  A centaur zombie (D:7)
  3 jellies
  4 orc priests
  6 orc wizards
  3 hounds
  2 centaur skeletons
  A giant frog skeleton (D:12)
  Terence (D:2)
  2 iguanas
  3 worker ants
  A worker ant zombie (D:9)
  7 adders
  A shadow imp (D:7)
  An adder zombie (D:10)
  A worm (D:2)
  A giant gecko (D:1)
  24 orcs
  2 giant cockroaches (D:2)
  6 goblins
  7 hobgoblins
  7 jackals
  10 kobolds
  A quokka (D:6)
  2 giant newts (D:2)
  A quokka skeleton (D:7)
  2 rats (D:2)
143 creatures vanquished.

Notes
Turn   | Place    | Note
-------+----------+-------------------------------------------
     0 | D:1      | 4thArraOfDagon the Troll Gladiator began the quest for the Orb.
     0 | D:1      | Reached XP level 1. HP: 19/19 MP: 0/0
     0 | D:1      | jacquesderrida: hi
   101 | D:1      | Reached XP level 2. HP: 20/28 MP: 1/1
   189 | D:2      | Noticed Terence
   193 | D:3      | Noticed Robin
   215 | D:2      | Killed Terence
   215 | D:2      | Reached skill level 4 in Unarmed Combat
   215 | D:2      | Reached XP level 3. HP: 27/35 MP: 2/2
   266 | D:2      | Reached XP level 4. HP: 40/42 MP: 3/3
   342 | D:3      | Found a faded altar of an unknown god.
   350 | D:3      | Became a worshipper of Uskayaw the Reveler
   350 | D:3      | Reached * piety under Uskayaw
   496 | D:4      | Reached ** piety under Uskayaw
   557 | D:4      | Reached *** piety under Uskayaw
   559 | D:4      | Reached XP level 5. HP: 50/50 MP: 4/4
   586 | D:5      | Entered Level 5 of the Dungeon
   611 | D:6      | Noticed a phantom
   630 | D:6      | Killed a phantom
   630 | D:6      | Reached skill level 5 in Unarmed Combat
   630 | D:6      | Reached skill level 1 in Invocations
   660 | D:7      | Noticed a two-headed ogre
   669 | D:7      | Killed a two-headed ogre
   669 | D:7      | Reached skill level 6 in Unarmed Combat
   669 | D:7      | Reached XP level 6. HP: 39/61 MP: 6/6
   745 | D:7      | Reached XP level 7. HP: 62/67 MP: 7/7
   772 | D:7      | Noticed Prince Ribbit
   780 | D:7      | Reached **** piety under Uskayaw
   855 | D:7      | Reached skill level 7 in Unarmed Combat
   900 | D:7      | jacquesderrida: hi
   981 | D:7      | timbw: how are things jd
   994 | D:7      | Reached XP level 8. HP: 74/78 MP: 9/9
  1066 | D:8      | jacquesderrida: I became a cat
  1133 | D:9      | jacquesderrida: I am creeping about now
  1135 | D:9      | Xiguana: meow
  1146 | D:9      | Reached skill level 8 in Unarmed Combat
  1149 | D:10     | Entered Level 10 of the Dungeon
  1227 | D:9      | jacquesderrida: Typing on the keyboard occasionally
  1231 | D:8      | Noticed a gargoyle
  1246 | D:9      | Killed a gargoyle
  1291 | D:9      | Reached skill level 5 in Fighting
  1434 | D:10     | Noticed a hill giant
  1441 | D:10     | Killed a hill giant
  1441 | D:10     | Reached skill level 9 in Unarmed Combat
  1441 | D:10     | Reached XP level 9. HP: 88/88 MP: 11/11
  1469 | D:10     | Noticed a troll
  1475 | D:10     | Killed a troll
  1475 | D:10     | Reached skill level 5 in Invocations
  1587 | D:10     | Noticed a gargoyle
  1612 | D:10     | Killed a gargoyle
  1717 | D:10     | Reached skill level 10 in Unarmed Combat
  1832 | D:9      | jacquesderrida: tee ess tee beater
  1837 | D:9      | jacquesderrida: Mang
  1860 | D:9      | jacquesderrida: YOu have an idle game
  1892 | D:9      | jacquesderrida: That count as high as 1800 hours
  1896 | D:10     | jacquesderrida: Why
  1904 | D:10     | jacquesderrida: Tell me
  1933 | D:11     | Found Nypeon's Antique Weapon Shoppe.
  1981 | D:11     | Reached XP level 10. HP: 88/98 MP: 13/13
  1982 | D:11     | Reached ***** piety under Uskayaw
  2080 | D:11     | Reached skill level 11 in Unarmed Combat
  2217 | D:13     | Turgon: What do you think, 4thArra, is Uska a good choice for speedrunning?
  2238 | D:13     | Noticed Rupert
  2306 | D:12     | Noticed a hill giant
  2307 | D:12     | jacquesderrida: No
  2324 | D:12     | Killed a hill giant
  2422 | D:13     | Noticed Kirke
  2427 | D:13     | jacquesderrida: wew
  2437 | D:13     | Found a labyrinth entrance.
  2445 | D:13     | :D
  2446 | Lab      | Entered a labyrinth
  2456 | Lab      | jacquesderrida: ;^)
  2469 | Lab      | Turgon: pig enters lab :-)
  2562 | Lab      | jacquesderrida: ;^)
  2682 | Lab      | Noticed a minotaur
  2683 | Lab      | jacquesderrida: wew
  2692 | Lab      | jacquesderrida: da end
  2706 | Lab      | Killed a minotaur
  2710 | Lab      | jacquesderrida: Eeeeeeeeeek
  2728 | Lab      | Got a fabulously ornate robe
  2739 | Lab      | Identified the cursed +0 robe "Keeveal" {rF+++ rC- MR+ Dex+4} (You found it in a labyrinth)
  2740 | Lab      | jacquesderrida: Fabulous
  2745 | Lab      | Learned a level 2 spell: Passwall
  2748 | Lab      | Learned a level 2 spell: Swiftness
  2753 | Lab      | Learned a level 4 spell: Passage of Golubria
  2762 | D:13     | Noticed Nessos
  2764 | D:14     | Noticed a deep elf mage
  2775 | D:14     | Killed a deep elf mage
  2895 | D:14     | Noticed a centaur warrior
  2916 | D:14     | Slain by a centaur warrior

Vault maps used:
D:1:      evilmike_arrival_crescent, feat_on_display
D:2:      uniq_terence
D:3:      minmay_wonky_spiral, first_bread, ecumenical_altar_2,
          kennysheep_generic_room_4, uniq_robin
D:4:      gup_sewer_entry_spiral
D:6:      basic_altar, minmay_misc_feat_four_crosses
D:7:      grunt_ogre_cave, uniq_prince_ribbit1, uniq_menkaure
D:8:      erik_lair_orcish_takeover
D:9:      uniq_joseph
D:10:     basic_altar, st_stairs_5
D:11:     david_orc_5, serial_shops, kennysheep_little_box, basic_altar,
          minivault_10
D:13:     lab_entry_generic, kennysheep_boxes, uniq_nessos, uniq_rupert,
          uniq_kirke
D:14:     grunt_vaults_entry_fortified
Lab:      nicolae_lab_diamond, labyrinth_skeletal_remains, labyrinth_fake_exit

Skill      XL: |  1  2  3  4  5  6  7  8  9 10 |
---------------+-------------------------------+-----
Fighting       | 2 3 4 5 6 7 |  7.0
Unarmed Combat | 4 6 7 9 10 11 | 11.8
Invocations    | 2 3 4 6 7 |  7.0
Polearms       | 3 |  3.3
Throwing       | |  1.7
Dodging        | |  2.4

Action                   |  1- 3 |  4- 6 |  7- 9 | 10-12 || total
-------------------------+-------+-------+-------+-------++-------
Melee: Unarmed           |    79 |    89 |   213 |   110 ||   491
       Punch             |     1 |     2 |    12 |     6 ||    21
       Glaive            |       |       |       |     1 ||     1
Throw: Throwing net      |       |     1 |     3 |     2 ||     6
  Use: Potion            |     2 |       |       |     3 ||     5
       Scroll            |       |     4 |     2 |    10 ||    16
 Stab: Sleeping          |     1 |       |       |       ||     1
       Paralysed         |       |     1 |     6 |     4 ||    11
       Held in net/web   |       |       |     2 |     1 ||     3
  Eat: Chunk             |     7 |     5 |     6 |     9 ||    27
       Pizza             |       |       |     1 |       ||     1
Armor: Robe              |    22 |    20 |    22 |     4 ||    68
       Troll leather arm |       |       |    29 |    15 ||    44
Dodge: Dodged            |    62 |    37 |    88 |    54 ||   241
